 Dungeon Crawl Stone Soup version 0.32-a0-933-ga8fa3634e4 (webtiles) character file.

Game seed: 7783821965315792377

3201 packetloss the Basher (level 9, -8/71 HPs)
             Began as a Coglin Delver on Apr 13, 2024.
             Was an Initiate of Gozag.
             Mangled by an unseen horror (9 damage)
             ... on level 10 of the Dungeon on Apr 14, 2024.
             The game lasted 00:40:23 (7631 turns).

packetloss the Basher (Coglin Delver)               Turns: 7631, Time: 00:40:24

Health: -8/71      AC: 16    Str: 16    XL:     9   Next: 96%
Magic:  9/9        EV: 10    Int:  9    God:    Gozag
Gold:   512        SH:  0    Dex: 17    Spells: 8/8 levels left

rFire   . . .        x - +0 morningstar {Armando}
rCold   . . .        I - +1 flail (protect) {Somchit}
rNeg    . . .        h - +0 ring mail
rPois   .            m - +1 helmet
rElec   .            P - +0 cloak
rCorr   .            (no gloves)
SInv    .            (no boots)
Will    .....        (amulet unavailable)
Stlth   ++           (ring unavailable)
HPRegen 0.31/turn    (ring unavailable)
MPRegen 0.11/turn    (no gizmo)

%: no passive effects
@: under a protective aura, hasted and slowed, invisible, revved
A: off-hand wielding, slow wielding, warmup strikes, no jewellery
a: Invent Gizmo, Renounce Religion, Potion Petition, Call Merchant, Bribe Branch


You were on level 10 of the Dungeon.
You worshipped Gozag.
Gozag was pleased with you.
You visited 2 branches of the dungeon, and saw 11 of its levels.

You collected 634 gold pieces.
You paid 122 gold pieces to Gozag.

Inventory:

Hand Weapons
 a - a +0 mace {LucĂ­a}
 e - a +0 flail {Yan}
 p - a +0 dire flail
 x - a +0 morningstar (weapon) {Armando}
 H - a +0 whip of pain
 I - a +1 flail of protection (offhand) {Somchit}
 M - a +0 short sword of venom
Missiles
 F - 6 poisoned darts
 K - 6 atropa-tipped darts (quivered)
 O - 4 datura-tipped darts
Armour
 b - a +0 leather armour
 h - a +0 ring mail (worn)
 k - a +0 crystal plate armour
 m - a +1 helmet (worn)
 P - a +0 cloak (worn)
Magical Staves
 n - a staff of air
Talismans
 y - a flux talisman
Wands
 g - a wand of digging (3)
 E - a wand of polymorph (11)
 N - a wand of quicksilver (7)
Scrolls
 c - 6 scrolls of fog
 d - 4 scrolls of revelation
 i - 2 scrolls of brand weapon {unknown}
 s - 6 scrolls of vulnerability
 u - 2 scrolls of enchant weapon {unknown}
 v - 3 scrolls of fear
 B - a scroll of amnesia {unknown}
 C - 2 scrolls of blinking {unknown}
 G - a scroll of poison {unknown}
 J - a scroll of silence {unknown}
 L - 2 scrolls of teleportation
Potions
 f - a potion of haste
 j - a potion of degeneration {unknown}
 l - 3 potions of brilliance
 o - a potion of resistance {unknown}
 r - 2 potions of invisibility
 t - 2 potions of mutation {unknown}
 w - 2 potions of heal wounds {unknown}
 z - a potion of berserk rage {unknown}
 A - a potion of enlightenment {unknown}
 D - a potion of attraction {unknown}


   Skills:
 + Level 6.5 Fighting
 + Level 9.3 Maces & Flails
 + Level 1.7 Throwing
 + Level 5.1 Armour
 - Level 1.7 Dodging
 - Level 4.1 Stealth
 + Level 4.8 Evocations


You had 8 spell levels left.
You didn't know any spells.
Your spell library contained the following spells:

 Spells                   Type           Power      Damage    Failure   Level
 Freeze                   Ice            0%         1d3       58%         1
 Necrotise                Necr           0%         1d4       58%         1
 Frozen Ramparts          Ice            0%         1d1       91%         3
 Hailstorm                Conj/Ice       0%         3d5       91%         3
 Vampiric Draining        Necr           0%         2d6       91%         3
 Martyr's Knell           Necr/Summ      0%         N/A       100%        4
 Olgreb's Toxic Radiance  Alch           0%         N/A       100%        4
 Curse of Agony           Necr           0%         N/A       100%        5
 Ozocubu's Refrigeration  Ice            0%         4d7       100%        7
 Discord                  Hex            0%         N/A       100%        8


Dungeon Overview and Level Annotations

Branches:
Dungeon (10/15)            Temple (1/1) D:7
   Lair: D:8-11         Orc: D:9-12

Altars:
Ashenzari
Cheibriados
Dithmenos
Elyvilon
Fedhas
Gozag
Hepliaklqana
Kikubaaqudgha
Makhleb
Nemelex Xobeh
Okawaru
Qazlal
Sif Muna
Trog
Uskayaw
Vehumet
Wu Jian
Xom
The Shining One

Shops:
D:4 !   D:8 (

Annotations:
D:5 Ijyb
D:7 Maggie
D:9 exclusion: hornet


Innate Abilities, Weirdness & Mutations

You can wield a second weapon in your off-hand.
It takes a long time for you to wield or remove held weapons.
Your first few attacks do less damage.
You cannot equip rings or amulets.


Message History

The wraith is lightly damaged.
You closely miss the wraith with your +1 flail of protection.
Something hits you.
* * * LOW HITPOINT WARNING * * *
You hit the wraith with your +1 flail of protection.
Your weapon exudes an aura of protection.
The wraith is moderately damaged.
You hit the wraith with your +0 morningstar.
Something completely misses you. The wraith barely misses you.
Something hits you but does no damage.
You hit the wraith but do no damage.
The wraith is moderately damaged.
You hit the wraith with your +1 flail of protection.
Something hits you.
* * * LOW HITPOINT WARNING * * *
You hit the wraith with your +0 morningstar.
The wraith is heavily damaged.
You sock the wraith with your +1 flail of protection!
Something hits you.
* * * LOW HITPOINT WARNING * * *
The wraith barely misses you.
You closely miss the wraith with your +1 flail of protection.
The wraith is almost destroyed.
You closely miss the wraith with your +0 morningstar.
Something hits you.
* * * LOW HITPOINT WARNING * * *
The wraith barely misses you.
You hit the wraith but do no damage.
The wraith is almost destroyed.
You closely miss the wraith with your +0 morningstar.
Something hits you but does no damage. x2
You are too injured to fight recklessly!
Unknown command.
You feel better. Something hits you but does no damage. The wraith hits you.
* * * LOW HITPOINT WARNING * * *
The wraith drains your vigour!
You feel yourself slow down.
You fade into invisibility!
Something hits you!
You die...
Your body crumbles into a pile of gold.

# # .## .
##..# .###.Y.
..#.#
#..$#..<
..#.#
#..###..#
#.#.#.#
.....# #.#.#
.#...#
#...###.....#
#...#.#W@.#
#.# #.#
#)#.#.###.# #
..###...##..#
...........##
#######.##<#
#..### ##..
##. ..


You could see a wraith.

Vanquished Creatures
  A gargoyle (D:10)
  A hornet (D:8)
  A steam dragon (D:7)
  Menkaure (D:5)
  Edmund (D:4)
  A sky beast (D:7)
  An orc warrior (D:6)
  A black bear (D:8)
  2 centaurs
  2 ogres
  2 kobold brigands
  2 bullfrogs
  4 scorpions
  5 wights (D:7)
  3 killer bees (D:10)
  5 howler monkeys
  A bombardier beetle (D:5)
  A hound (D:5)
  3 orc priests
  A jelly (D:8)
  A sleepcap (D:6)
  3 iguanas (D:5)
  2 orc wizards (D:4)
  4 gnolls (D:5)
  14 adders
  3 white imps
  3 dart slugs
  20 orcs
  5 ball pythons
  5 bats
  9 endoplasms
  A giant cockroach (D:2)
  7 hobgoblins
  6 jackals
  8 kobolds
  5 quokkas
  11 goblins
  2 rats (D:1)
148 creatures vanquished.

Notes
Turn   | Place    | Note
-------+----------+-------------------------------------------
     0 | D:5      | packetloss the Coglin Delver began the quest for the Orb.
     0 | D:5      | Reached XP level 1. HP: 18/18 MP: 1/1
     4 | D:4      | Found Uwileh's Distillery.
    16 | D:5      | Noticed Menkaure
    37 | D:5      | Killed Menkaure
    38 | D:5      | Reached skill level 4 in Maces & Flails
    38 | D:5      | Reached XP level 2. HP: 9/24 MP: 2/2
    38 | D:5      | Reached XP level 3. HP: 10/29 MP: 3/3
    38 | D:5      | Reached XP level 4. HP: 13/35 MP: 4/4
    38 | D:5      | Reached XP level 5. HP: 15/41 MP: 5/5
   178 | D:4      | Noticed an ogre
   183 | D:4      | Killed an ogre
   184 | D:4      | Reached skill level 5 in Maces & Flails
   184 | D:4      | Noticed a kobold brigand
   189 | D:5      | HP: 9/41 [iguana (5)]
   190 | D:5      | HP: 3/41 [iguana (11)]
   360 | D:6      | Reached XP level 6. HP: 25/47 MP: 6/6
   363 | D:6      | Noticed an orc warrior
   525 | D:5      | Reached skill level 6 in Maces & Flails
   559 | D:5      | Noticed Ijyb
  1047 | D:5      | Reached XP level 7. HP: 26/52 MP: 7/7
  1680 | D:4      | HP: 13/52 [centaur (5)]
  1682 | D:4      | Reached skill level 7 in Maces & Flails
  2138 | D:1      | Reached skill level 1 in Armour
  3762 | D:3      | Found a hide-covered altar of Uskayaw.
  3899 | D:3      | Reached XP level 8. HP: 52/59 MP: 8/8
  4230 | D:4      | Reached skill level 4 in Fighting
  4230 | D:4      | Reached skill level 2 in Armour
  4377 | D:4      | Noticed Edmund
  4394 | D:4      | Killed Edmund
  4395 | D:4      | Reached skill level 8 in Maces & Flails
  4869 | D:6      | Reached skill level 3 in Armour
  5095 | D:7      | Reached skill level 5 in Fighting
  5331 | D:7      | Reached XP level 9. HP: 58/68 MP: 9/9
  5332 | D:7      | Reached skill level 1 in Evocations
  5412 | D:7      | Found a staircase to the Ecumenical Temple.
  5417 | Temple   | Entered the Ecumenical Temple
  5486 | Temple   | Became a worshipper of Gozag Ym Sagoz the Greedy
  5675 | D:7      | Reached skill level 4 in Armour
  5675 | D:7      | Reached skill level 2 in Evocations
  5841 | D:7      | Noticed Maggie
  6335 | D:8      | Noticed a hornet
  6384 | D:8      | Reached skill level 3 in Evocations
  6413 | D:8      | Reached skill level 6 in Fighting
  6496 | D:8      | Reached skill level 9 in Maces & Flails
  6508 | D:8      | Noticed a manticore
  6569 | D:9      | Noticed a hornet
  6678 | D:8      | Upgraded the game from 0.32-a0-931-g5a2cda0630 to
                  | 0.32-a0-933-ga8fa3634e4
  6730 | D:8      | HP: 16/69 [manticore/volley of spikes (7)]
  7062 | D:8      | Paralysed by a hornet for 1 turns
  7064 | D:8      | Paralysed by a hornet for 1 turns
  7067 | D:8      | Paralysed by a hornet for 2 turns
  7071 | D:8      | Killed a hornet
  7072 | D:8      | Reached skill level 4 in Evocations
  7173 | D:8      | Found Zemoesym's Weapon Emporium.
  7267 | D:9      | Found a bloodstained altar of Trog.
  7313 | D:10     | Entered Level 10 of the Dungeon
  7318 | D:10     | Reached skill level 1 in Throwing
  7400 | D:10     | HP: 17/70 [poisoned by a killer bee]
  7403 | D:10     | HP: 8/70 [killer bee (7)]
  7596 | D:10     | Noticed a gargoyle
  7611 | D:10     | Killed a gargoyle
  7612 | D:10     | Reached skill level 5 in Armour
  7619 | D:10     | HP: 14/71 [something (8)]
  7624 | D:10     | HP: 13/71 [something (2)]
  7627 | D:10     | HP: 6/71 [something (2)]
  7628 | D:10     | HP: 1/71 [something (5)]
  7631 | D:10     | Mangled by an unseen horror

Illustrated notes

Levels and vault maps discovered:
D:1:      dpeg_arrival_chambers_temple_mockup, layout_basic,
          minmay_misc_feat_enclosed, dreamdust_princess_bridge, minmay_bisected
D:2:      layout_loops_corners, chequers_serial_rivers_marsh,
          nicolae_houndstooth_variations
D:3:      layout_rooms, eat_drink_and_be_merry_uskayaw
D:4:      layout_rooms, serial_shops, nicolae_take_the_stairs, uniq_edmund
D:5:      cheibrodos_helix_gallery, layout_cave_pools, lemuel_flamethrower_2,
          uniq_menkaure, uniq_ijyb
D:6:      layout_cave_pools
D:7:      layout_gridville, minmay_temple_entry_ruins, uniq_maggie
D:8:      layout_cave_pools, serial_shops, shop, minmay_misc_feat_encased,
          nicolae_straight_to_the_point
D:9:      layout_cross, mainiacjoe_overflow_24_doors,
          mainiacjoe_overflow_boulevard
D:10:     layout_basic, pf_just_have_faith, zin_purify, hellmonk_lair_entry_icy,
          serial_shops, shop, minmay_starry_boxes
Temple:   minmay_temple_bridge_d

Skill      XL: |  1  2  3  4  5  6  7  8  9 |
---------------+----------------------------+-----
Maces & Flails | 4 5 6 7 8 9 |  9.3
Armour         | 1 3 5 |  5.1
Fighting       | 5 6 |  6.5
Evocations     | 4 |  4.8
Throwing       | 1 |  1.7
Dodging        | |  1.7
Stealth        | |  4.1

Action                     |  1- 3 |  4- 6 |  7- 9 || total
---------------------------+-------+-------+-------++-------
  Melee: Mace              |       |    64 |    71 ||   135
         Dagger            |       |    23 |       ||    23
         Flail             |       |    42 |   288 ||   330
         Morningstar       |       |       |   214 ||   214
  Throw: Dart              |       |       |     5 ||     5
  Evoke: Wand              |     4 |     3 |       ||     7
    Use: Potion            |       |     1 |     6 ||     7
         Scroll            |       |     1 |     4 ||     5
   Stab: Sleeping          |       |     1 |     8 ||     9
         Distracted        |       |       |     2 ||     2
 Armour: Leather armour    |       |    39 |    41 ||    80
         Ring mail         |       |       |   229 ||   229
  Dodge: Dodged            |       |    31 |   182 ||   213

Table legend: (Time is in decaauts)
 A = Elapsed time spent in this place.
 B = Non-inter-level travel time spent in this place.
 C = Inter-level travel time spent in this place.
 D = Time resting spent in this place.
 E = Time spent auto-exploring this place.
 F = Levels seen in this place.
 G = Mean time per level.
                   A        B        C        D        E       F      G
               +--------+--------+--------+--------+--------+-----+--------+
         Total |   7651 |   7227 |    424 |   1888 |   2875 |  11 |  695.5 |
       Dungeon |   7512 |   7224 |    288 |   1888 |   2875 |  10 |  751.2 |
        Temple |    138 |      2 |    136 |      0 |      0 |   1 |  138.0 |
               +--------+--------+--------+--------+--------+-----+--------+

Top non-repeatable levels by time:
     D:5: 1440 daAuts
     D:7: 1252 daAuts
     D:4: 978 daAuts
     D:2: 879 daAuts
     D:1: 780 daAuts
     D:8: 673 daAuts
     D:6: 651 daAuts
     D:3: 398 daAuts
    D:10: 305 daAuts
     D:9: 153 daAuts
  Temple: 138 daAuts
